AoeStats
← Dinoponerg

Arena

510097988Analyzed
1v1 RM · 3d ago on Sep 29, 2026· 62m 0s· 2 players
Game mode
Random Map
Map size
Tiny (2 player)
Population
200
Speed
Normal
Resources
Standard
Victory
Conquest
Starting age
Dark Age
Ending age
Imperial Age
RankedLock teamsTeams togetherTeam positionsShared explorationLock speedFull tech treeHidden civsTurbo modeCheats
Victory
Defeat
🇦🇷 Portuguese · Argentina
565
+13
🇨🇦 Slavs · Canada
497
-16
Dinoponerg
11:40 Feudal Age
17:47 Castle Age
17:02 Horse Collar
17:09 Double-Bit Axe
18:12 Gold Mining
19:01 Wheelbarrow
19:04 Heavy Plow
19:16 Loom
19:51 Bow Saw
31:41 Imperial Age
33:24 Crop Rotation
33:19 Hand Cart
35:57 Pikeman
39:16 Chemistry
40:39 Gambesons
41:43 Arquebus
43:43 Halberdier
46:19 Elite Organ Gun
47:22 Scale Barding Armor
47:18 Scale Mail Armor
47:29 Forging
51:02 Bloodlines
50:13 Light Cavalry
54:22 Arson
maneki_meko
11:28 Feudal Age
17:12 Castle Age
16:18 Double-Bit Axe
16:16 Horse Collar
18:14 Wheelbarrow
23:52 Heavy Plow
24:05 Bow Saw
26:04 Gold Mining
26:07 Stone Mining
31:28 Pikeman
32:09 Squires
31:35 Man-at-Arms
32:21 Detinets
33:08 Gold Shaft Mining
33:38 Long Swordsman
37:32 Imperial Age
35:22 Hand Cart
35:26 Scale Barding Armor
35:21 Scale Mail Armor
35:32 Forging
39:36 Imperial Age
41:14 Iron Casting
40:54 Chain Mail Armor
40:59 Chain Barding Armor
40:15 Elite Skirmisher
40:41 Elite Skirmisher
41:17 Fletching
41:28 Padded Archer Armor
42:24 Capped Ram
43:32 Elite Boyar
44:33 Conscription
45:29 Two-Man Saw
45:02 Crop Rotation
45:17 Plate Barding Armor
45:12 Plate Mail Armor
45:43 Blast Furnace
44:39 Bodkin Arrow
50:48 Onager
53:06 Leather Archer Armor
53:39 Siege Ram
53:41 Siege Onager
53:56 Light Cavalry
54:47 Bloodlines
54:38 Husbandry
59:24 Hussar
Connection lost

Rejoining the realm…

Still unreachable

The connection could not be restored.

Session expired

The server has moved on; the page needs a fresh start.